 Dungeon Crawl Stone Soup version 0.19.1 (webtiles) character file.

1977 HessuHobo the Cleaver (level 9, 78/78 HPs)
             Began as a Minotaur Berserker on Dec 27, 2016.
             Was a Priest of Trog.
             Starved to death
             ... while paralysed
             ... on level 6 of the Dungeon on Dec 28, 2016.
             The game lasted 00:08:26 (6610 turns).

HessuHobo the Cleaver (Minotaur Berserker)          Turns: 6610, Time: 00:08:26

Health: 78/78      AC:  9    Str: 24 (25) XL:     9   Next: 0%
Magic:  8/8        EV:  2    Int:  4      God:    Trog [***...]
Gold:   257        SH:  0    Dex:  9 (10) Spells: 0 memorised, 8 levels left

rFire  . . .     SeeInvis .     a - +0 hand axe
rCold  . . .     Gourm    .     g - +0 ring mail
rNeg   + . .     Faith    .     (no shield)
rPois  +         Spirit   .     (helmet restricted)
rElec  .         Reflect  .     (no cloak)
rCorr  .         Harm     .     w - +2 pair of gloves
MR     .....     Rnd*Rage +     (no boots)
Stlth  +.........               (no amulet)
                                x - ring of positive energy
                                e - ring of poison resistance

@: paralysed, fainting
A: retaliatory headbutt, hooves 1, horns 2, berserk 1, blurry vision 1
a: Berserk, Trog's Hand, Burn Spellbooks, Renounce Religion


You were on level 6 of the Dungeon.
You worshipped Trog.
Trog was most pleased with you.
You were fainting.

You visited 1 branch of the dungeon, and saw 6 of its levels.

You collected 257 gold pieces.

Inventory:

Hand Weapons
 a - a +0 hand axe (weapon)
Armour
 b - a +0 animal skin
 g - a +0 ring mail (worn)
 w - a +2 pair of gloves (worn)
Jewellery
 e - a ring of poison resistance (left hand)
 x - a ring of positive energy (right hand)
Scrolls
 c - 2 scrolls of fear {unknown}
 d - 7 scrolls of identify
 f - 3 scrolls of recharging
 k - 4 scrolls of amnesia
 l - 2 scrolls of random uselessness
 m - a scroll of magic mapping
 n - a scroll of blinking
 o - 2 scrolls of teleportation
 p - 2 scrolls of remove curse {unknown}
 q - a scroll of immolation
 u - a scroll of brand weapon {unknown}
Potions
 h - a potion of brilliance
 i - 2 potions of agility
 j - a potion of might {unknown}
 r - 4 potions of curing
 s - a potion of cancellation {unknown}
 t - a potion of heal wounds


   Skills:
 + Level 6.4 Fighting
 + Level 9.8 Axes
 + Level 7.2 Armour
 + Level 5.0 Dodging
 + Level 2.5 Stealth


You had 8 spell levels left.
You didn't know any spells.

Dungeon Overview and Level Annotations

Branches:
Dungeon (6/15)             Temple (0/1) D:4

Altars:

Shops:
D:5 %*(


Innate Abilities, Weirdness & Mutations

You reflexively headbutt those who attack you in melee.
You have a pair of horns on your head.
You have large cloven feet.
You tend to lose your temper in combat.
Scrolls take you a little longer to read.


Message History

Your experience leads to an increase in your attributes!
Your base attributes are Str 24, Int 4, Dex 10.
Increase (S)trength, (I)ntelligence, or (D)exterity?
You feel stronger.
You are too berserk!
You aren't carrying any food.
You are too hungry to fight recklessly!
You feel a strong urge to attack something.
You are no longer berserk.
You are exhausted.
You feel yourself slow down.
You need to eat something NOW!
You need to eat something NOW!
Found 16 gold pieces.
Found 15 gold pieces.
Found a stone staircase leading up.
You feel yourself speed up.
You lose consciousness!
You feel less exhausted.
You have starved to death.
You die...

###########
#.....@...#
#.#######.###
#.#.....# .#
#.#.....# .#
#.#.....###.#
#.#........<#.#
#.#.........#.#
#............$###
########..$......


There were no monsters in sight!

Vanquished Creatures
  Sigmund (D:4)
  The ghost of HessuHobo the Chopper, an amateur DsBe of Trog (D:4)
  A hungry ghost (D:6)
  Duvessa (D:5)
  A phantom (D:5)
  An ogre (D:6)
  2 centaurs (D:5)
  A bullfrog (D:3)
  Dowan (D:5)
  2 scorpions
  5 killer bees (D:5)
  A crimson imp (D:5)
  2 howler monkeys
  A bullfrog zombie (D:5)
  A bullfrog skeleton (D:4)
  An orc wizard (D:5)
  Natasha (thrice) (D:4)
  2 iguanas
  6 worker ants
  A killer bee zombie (D:5)
  2 worker ant zombies (D:5)
  10 adders
  4 oozes
  An adder zombie (D:6)
  A worm (D:2)
  4 dart slugs
  3 leopard geckos
  2 orcs (D:5)
  4 giant cockroaches
  6 goblins
  7 hobgoblins
  3 jackals (D:3)
  10 kobolds
  2 quokkas (D:5)
  A ball python (D:1)
  8 bats
  A frilled lizard (D:5)
  A giant cockroach zombie (D:5)
  2 jackal skeletons
  A leopard gecko skeleton (D:4)
  7 rats
115 creatures vanquished.

Notes
Turn   | Place    | Note
-------+----------+-------------------------------------------
     0 | D:1      | HessuHobo the Minotaur Berserker began the quest for the Orb.
     0 | D:1      | Reached XP level 1. HP: 19/19 MP: 0/0
   826 | D:1      | Reached XP level 2. HP: 27/27 MP: 1/1
   891 | D:1      | Reached skill level 4 in Axes
  1292 | D:1      | Reached XP level 3. HP: 23/33 MP: 2/2
  2093 | D:2      | Reached skill level 5 in Axes
  2137 | D:2      | Reached XP level 4. HP: 40/40 MP: 3/3
  2200 | D:2      | Reached ** piety under Trog
  3068 | D:3      | Noticed a bullfrog
  3073 | D:3      | Killed a bullfrog
  3073 | D:3      | Reached XP level 5. HP: 35/47 MP: 4/4
  3410 | D:4      | Found a staircase to the Ecumenical Temple.
  3462 | D:4      | Reached skill level 6 in Axes
  3462 | D:4      | Reached XP level 6. HP: 46/53 MP: 5/5
  3468 | D:4      | Noticed Sigmund
  3480 | D:4      | Killed Sigmund
  3480 | D:4      | Reached skill level 1 in Stealth
  3818 | D:4      | Reached skill level 5 in Armour
  3848 | D:4      | Noticed HessuHobo's ghost (amateur DsBe)
  3863 | D:4      | Killed HessuHobo's ghost
  3863 | D:4      | Reached skill level 5 in Fighting
  3863 | D:4      | Reached XP level 7. HP: 36/61 MP: 6/6
  4186 | D:4      | Noticed Natasha
  4192 | D:4      | Killed Natasha
  4192 | D:4      | Reached skill level 7 in Axes
  4239 | D:4      | Noticed Natasha
  4248 | D:4      | Killed Natasha
  4323 | D:4      | Noticed Natasha
  4339 | D:4      | Killed Natasha
  4939 | D:5      | Entered Level 5 of the Dungeon
  4987 | D:5      | Found Safuggeg's Weapon Boutique.
  5108 | D:5      | Reached XP level 8. HP: 39/69 MP: 7/7
  5109 | D:5      | Reached skill level 8 in Axes
  5111 | D:5      | Reached *** piety under Trog
  5543 | D:5      | Gained mutation: You tend to lose your temper in combat. [potion of mutation]
  5543 | D:5      | Gained mutation: Scrolls take you a little longer to read. [potion of mutation]
  5543 | D:5      | Gained mutation: You have large cloven feet. [potion of mutation]
  5591 | D:5      | Found Leatin's General Store.
  5602 | D:5      | Found Dealun's Food Emporium.
  5675 | D:5      | Noticed Duvessa
  5675 | D:5      | Noticed Dowan
  5684 | D:5      | Killed Duvessa
  5694 | D:5      | Killed Dowan
  6161 | D:5      | Reached skill level 9 in Axes
  6548 | D:6      | Reached skill level 5 in Dodging
  6571 | D:6      | Reached XP level 9. HP: 78/78 MP: 8/8
  6606 | D:6      | Paralysed by fainting for 6 turns
  6610 | D:6      | Starved to death

Skill      XL: |  1  2  3  4  5  6  7  8 |
---------------+-------------------------+-----
Axes           | 4 5 6 7 9 |  9.8
Fighting       | 4 5 6 |  6.4
Armour         | 3 4 5 7 |  7.2
Dodging        | 3 4 5 |  5.0
Stealth        | 1 2 |  2.5

Action                   |  1- 3 |  4- 6 |  7- 9 || total
-------------------------+-------+-------+-------++-------
Melee: Hand axe          |    77 |   104 |   213 ||   394
       Headbutt          |     9 |    23 |    36 ||    68
       Kick              |       |       |    34 ||    34
Invok: Berserk           |       |     1 |     3 ||     4
  Use: Scroll            |       |       |     8 ||     8
       Potion            |       |       |     8 ||     8
 Stab: Sleeping          |       |       |     1 ||     1
  Eat: Chunk             |     4 |     1 |       ||     5
       Bread ration      |       |     2 |       ||     2
       Meat ration       |       |     1 |       ||     1
       Fruit             |       |       |     5 ||     5
Armor: Animal skin       |    13 |       |       ||    13
       Ring mail         |     9 |    25 |    59 ||    93
Dodge: Dodged            |    57 |    60 |   134 ||   251
